 Dungeon Crawl Stone Soup version 0.23-a0-582-g1b4a0ca2fb (webtiles) character file.

14365 Manul the Covert (level 12, -6/63 HPs)
             Began as a Vine Stalker Gladiator on Dec 16, 2018.
             Was an Initiate of Gozag.
             Mangled by Snorg (12 damage)
             ... on level 11 of the Dungeon.
             The game lasted 00:15:22 (8939 turns).

Manul the Covert (Vine Stalker Gladiator)           Turns: 8939, Time: 00:15:23

Health: -6/63      AC: 20    Str: 25    XL:     12   Next: 15%
Magic:  0/15       EV: 14    Int: 12    God:    Gozag
Gold:   793        SH:  0    Dex: 17    Spells: 11/11 levels left

rFire    . . .     SeeInvis .   g - +4 dagger (elec)
rCold    . . .     Gourm    .   (no shield)
rNeg     . . .     Faith    .   y - +6 scale mail "Eduax" {Regen+}
rPois    .         Spirit   +   c - +1 helmet
rElec    +         Reflect  .   s - +1 cloak
rCorr    .         Harm     .   (no gloves)
MR       ++...     NoTele   +   t - +0 pair of boots
Stlth    +++++.....             C - amulet of Awe {RegenMP -Tele rElec Int+4 Stlth+}
HPRegen  1.40/turn              p - +4 ring of strength
MPRegen  0.39/turn              B - ring of protection from magic

@: hasted, very quick
A: fangs 3, regeneration 2, magic shield, antimagic bite, no potion heal 3, rot
immunity
a: Potion Petition, Call Merchant, Bribe Branch, Renounce Religion


You were on level 11 of the Dungeon.
You worshipped Gozag.
Gozag was pleased with you.
You were not hungry.

You visited 2 branches of the dungeon, and saw 12 of its levels.
You also visited: Ossuary.

You collected 1529 gold pieces.
You paid 736 gold pieces to Gozag.

Inventory:

Hand Weapons
 a - a +0 quarterstaff
 g - a +4 dagger of electrocution (weapon)
Missiles
 d - 6 throwing nets (quivered)
Armour
 c - a +1 helmet (worn)
 q - a +0 chain mail
 s - a +1 cloak (worn)
 t - a +0 pair of boots (worn)
 y - the +6 scale mail "Eduax" (worn) {Regen+}
   (You found it on level 7 of the Dungeon)

   It increases your rate of regeneration.
Jewellery
 p - a +4 ring of strength (left hand)
 u - an uncursed ring of protection from fire
 B - a ring of protection from magic (right hand)
 C - the amulet of Awe (around neck) {RegenMP -Tele rElec Int+4 Stlth+}
   (You found it on level 8 of the Dungeon)

   [amulet of magic regeneration]

   It increases your magic regeneration.
   It affects your intelligence (+4).
   It insulates you from electricity.
   It prevents most forms of teleportation.
   It makes you more stealthy.
 F - an uncursed ring of flight
 G - an uncursed ring of fire
Wands
 b - a wand of acid (5)
 H - a wand of polymorph (10)
Scrolls
 i - 4 scrolls of teleportation
 j - 3 scrolls of identify
 l - 2 scrolls of amnesia
 x - 3 scrolls of remove curse
 E - a scroll of enchant armour
Potions
 e - 3 potions of brilliance
 h - a potion of resistance {unknown}
 k - a potion of magic
 n - 10 potions of curing
 o - 5 potions of lignification
 r - 2 potions of berserk rage {unknown}
 v - 2 potions of cancellation
 z - a potion of agility
 D - 4 potions of heal wounds {unknown}
Comestibles
 f - 23 rations


   Skills:
 + Level 7.4 Fighting
 - Level 5.5 Short Blades
 - Level 3.5 Staves
 - Level 1.9 Throwing
 + Level 8.4 Armour
 + Level 6.0 Dodging
 * Level 13.3 Stealth
 * Level 3.0 Evocations


You had 11 spell levels left.
You didn't know any spells.
Your spell library was empty.

Dungeon Overview and Level Annotations

Branches:
Dungeon (11/15)            Temple (1/1) D:7            Lair (0/6) D:11
    Orc (0/2) D:9

Altars:
Ashenzari
Cheibriados
Dithmenos
Elyvilon
Fedhas
Gozag
Hepliaklqana
Kikubaaqudgha
Makhleb
Nemelex Xobeh
Okawaru
Qazlal
Ru
Sif Muna
Trog
Uskayaw
Vehumet
Wu Jian
Xom
Yredelemnul
Zin
The Shining One
Beogh

Shops:
D:6 [   D:10 *

Annotations:
D:10 Scypier's ghost, journeyman GnVM
D:11 Snorg


Innate Abilities, Weirdness & Mutations

You have razor-sharp teeth.
You heal very quickly.
When hurt, damage is shared between your health and your magic reserves.
Your bite disrupts and absorbs the magic of your enemies.
Potions cannot restore your health.
You are immune to rotting.


Message History

Snorg bites you but does no damage. Snorg claws you! Snorg claws you.
You hit Snorg. You bite Snorg. You drain her power.
You feel invigorated.
Snorg is heavily wounded.
Snorg barely misses you. x2; Snorg closely misses you.
You puncture Snorg! Your bite misses Snorg.
Snorg is heavily wounded.
Snorg bites you. Snorg claws you. Snorg claws you but does no damage.
You see here a scroll of remove curse.
Snorg barely misses you. Snorg claws you but does no damage. x2
Snorg is no longer covered in acid.
Snorg bites you. Snorg claws you. Snorg claws you!
* * * LOW HITPOINT WARNING * * *
Okay, then.
You have no ailments to cure.
You feel yourself speed up. Snorg bites you but does no damage.
Snorg claws you but does no damage. x2; Snorg bites you!
* * * LOW HITPOINT WARNING * * *
Snorg claws you!
You die...
Your body crumbles into a pile of gold.

**,**,,** *###.......##*,,*
**,,,**,,* ##............,,,*
*,*,*,**,* #..#*.......#***.#
,*,,,*,#.######.####.....#* *#.##
,,,*,,,#..........)......####....
z#.$,*,#####....###.......#.....,
*.#.#,##.....######.............,
#*...##..#########..?.......#*,,,
.##.##..........@T.#..$....##****
......#....................#
......#....###############.#
.[....#....### ###..T.#
.............# ###.[[####
..#..##....#.######.).##########
...............##..)### #......#
..##......#........[.# #......#
.###.##..............# #<.....#


You could see Snorg (berserk).

Vanquished Creatures
  Harold (D:8)
  2 two-headed ogres (D:10)
  A skeletal warrior (D:11)
  2 unseen horrors (D:11)
  A manticore (D:11)
  3 cyclopes
  Joseph (D:7)
  Psyche (D:11)
  A troll (D:11)
  A merfolk (D:9)
  2 hippogriffs
  A wyvern (D:11)
  A vampire (D:10)
  8 yaks
  Menkaure (D:7)
  3 wargs (D:11)
  5 ice beasts
  2 black bears
  7 orc warriors
  6 ogres
  2 necrophages (D:6)
  5 centaurs
  A phantom (D:7)
  A crocodile (D:10)
  6 bullfrogs
  An elf zombie (Ossuary)
  5 scorpions
  6 killer bees
  4 wights (D:11)
  A howler monkey (D:4)
  3 centaur zombies
  5 crimson imps
  3 human zombies (Ossuary)
  A quasit (D:7)
  8 orc priests
  7 hounds
  A bullfrog skeleton (D:9)
  2 centaur skeletons
  2 jellies
  2 iguanas
  12 orc wizards
  14 worker ants
  A big kobold zombie (Ossuary)
  2 mummies (Ossuary)
  A hound zombie (D:5)
  A hound skeleton (D:9)
  A worker ant zombie (D:9)
  5 gnolls
  12 adders
  3 shadow imps
  2 oozes (D:2)
  2 adder skeletons
  A worm (D:2)
  5 dart slugs
  4 leopard geckos
  56 orcs
  A ball python (D:1)
  4 bats
  4 giant cockroaches
  11 goblins
  7 hobgoblins
  10 jackals
  6 kobolds
  5 quokkas
  3 frilled lizards
  A goblin zombie (Ossuary)
  8 hobgoblin zombies (Ossuary)
  A jackal zombie (Ossuary)
  7 kobold zombies (Ossuary)
  A leopard gecko zombie (D:7)
  12 orc zombies (Ossuary)
  2 quokka skeletons (D:7)
  A quokka zombie (D:7)
  3 rats (D:1)
325 creatures vanquished.

Notes
Turn   | Place    | Note
-------+----------+-------------------------------------------
     0 | D:1      | Manul the Vine Stalker Gladiator began the quest for the
                  | Orb.
     0 | D:1      | Reached XP level 1. HP: 11/11 MP: 2/2
    77 | D:1      | Reached XP level 2. HP: 11/15 MP: 1/3
   273 | D:1      | Reached XP level 3. HP: 12/18 MP: 4/4
  1084 | D:2      | Gained mutation: Your natural rate of healing is unusually
                  | fast. [Vine Stalker growth]
  1084 | D:2      | Reached XP level 4. HP: 16/23 MP: 5/5
  1102 | D:2      | Reached skill level 1 in Stealth
  1296 | D:2      | Reached skill level 1 in Short Blades
  1549 | D:2      | Reached XP level 5. HP: 25/26 MP: 4/6
  1896 | D:3      | Reached skill level 2 in Stealth
  1946 | D:3      | Found a blossoming altar of Fedhas.
  1967 | D:3      | Reached skill level 1 in Armour
  2510 | D:4      | Reached skill level 3 in Stealth
  2510 | D:4      | Reached XP level 6. HP: 22/30 MP: 5/7
  2988 | D:4      | Reached skill level 4 in Stealth
  3065 | D:4      | Reached XP level 7. HP: 29/35 MP: 8/8
  3103 | D:4      | Found an iron altar of Okawaru.
  3287 | D:5      | Entered Level 5 of the Dungeon
  3304 | D:5      | Found a sand-covered staircase.
  3313 | Ossuary  | Entered an ossuary
  3480 | Ossuary  | Reached skill level 5 in Stealth
  3480 | Ossuary  | Gained mutation: You have razor-sharp teeth. [Vine Stalker
                  | growth]
  3480 | Ossuary  | Reached XP level 8. HP: 34/39 MP: 9/9
  3644 | D:5      | Reached skill level 5 in Short Blades
  3923 | D:5      | Found a shattered altar of Ashenzari.
  4195 | D:5      | Found a bloodstained altar of Trog.
  4326 | D:6      | Reached skill level 6 in Stealth
  4523 | D:6      | Reached XP level 9. HP: 44/44 MP: 10/10
  4587 | D:6      | Found Betrut's Armour Shoppe.
  4701 | D:6      | Reached skill level 7 in Stealth
  5409 | D:7      | Noticed Joseph
  5423 | D:7      | Killed Joseph
  5423 | D:7      | Reached skill level 5 in Armour
  5423 | D:7      | Reached skill level 8 in Stealth
  5522 | D:7      | Found a staircase to the Ecumenical Temple.
  5534 | Temple   | Entered the Ecumenical Temple
  5694 | D:7      | Reached skill level 5 in Fighting
  5792 | D:7      | Got a spiked scale mail
  5793 | D:7      | Identified the +6 scale mail "Eduax" {Regen+} (You found it
                  | on level 7 of the Dungeon)
  5914 | D:7      | Noticed Menkaure
  5920 | D:7      | Killed Menkaure
  5920 | D:7      | Reached XP level 10. HP: 32/51 MP: 11/11
  6143 | D:8      | Noticed Harold
  6150 | D:8      | Paralysed by Harold for 6 turns
  6169 | D:8      | Killed Harold
  6169 | D:8      | Reached skill level 9 in Stealth
  6286 | D:8      | Got a smoking garnet amulet
  6287 | D:8      | Identified the amulet of Awe {RegenMP -Tele rElec Int+4
                  | Stlth+} (You found it on level 8 of the Dungeon)
  6430 | D:8      | Found a roughly hewn altar of Beogh.
  6579 | D:8      | Found a glowing silver altar of Zin.
  6580 | D:8      | Found an opulent altar of Gozag.
  6586 | D:8      | Became a worshipper of Gozag Ym Sagoz the Greedy
  6653 | D:9      | Found a staircase to the Orcish Mines.
  6958 | D:9      | Reached skill level 5 in Dodging
  7130 | D:10     | Entered Level 10 of the Dungeon
  7130 | D:10     | Noticed a cyclops
  7143 | D:10     | Killed a cyclops
  7143 | D:10     | Reached skill level 10 in Stealth
  7334 | D:10     | Noticed a two-headed ogre
  7337 | D:10     | Killed a two-headed ogre
  7337 | D:10     | Reached XP level 11. HP: 58/58 MP: 12/12
  7411 | D:10     | Reached skill level 11 in Stealth
  7551 | D:10     | Found an opulent altar of Gozag.
  7551 | D:10     | Noticed a two-headed ogre
  7558 | D:10     | Killed a two-headed ogre
  7783 | D:10     | Found a runed gate.
  7785 | D:10     | Found a runed gate.
  7785 | D:10     | Found a runed gate.
  7790 | D:10     | Noticed Scypier's ghost (journeyman GnVM)
  7997 | D:11     | Noticed a cyclops
  8009 | D:11     | Killed a cyclops
  8009 | D:11     | Reached skill level 12 in Stealth
  8009 | D:11     | Reached skill level 1 in Evocations
  8017 | D:11     | Found a staircase to the Lair.
  8028 | D:11     | Noticed a cyclops
  8135 | D:11     | Killed a cyclops
  8180 | D:11     | Noticed a skeletal warrior
  8194 | D:11     | Noticed Psyche
  8227 | D:11     | Noticed a manticore
  8230 | D:11     | Killed Psyche
  8237 | D:11     | Noticed Snorg
  8240 | D:11     | Killed an unseen horror
  8248 | D:11     | Killed a manticore
  8320 | D:11     | Killed a skeletal warrior
  8320 | D:11     | Reached skill level 13 in Stealth
  8320 | D:11     | Gained mutation: You heal very quickly. [Vine Stalker
                  | growth]
  8320 | D:11     | Reached XP level 12. HP: 61/63 MP: 14/14
  8939 | D:11     | Mangled by Snorg

Vault maps used:
D:1:      tarquinn_simple_flora_water_d, minmay_bisected
D:2:      kennysheep_another_room
D:3:      nicolae_overflow_crystal_walls
D:4:      okawaru_altar_gauntlet_db
D:5:      lightli_temple_of_fire, first_ration,
          lightli_ossuary_entry_decrepit_ruins, minivault_27,
          serial_bayou_pond_d, cheibrodos_ashenzari_chains
D:6:      serial_shops, shop_fountains
D:7:      minmay_temple_entry_hall, uniq_joseph, uniq_menkaure
D:8:      grunt_temple_overflow_gold_and_silver, special_room, uniq_harold
D:9:      hangedman_fish_farm
D:10:     ebering_ghost_rock_garden, nicolae_gozag_seed_capital
D:11:     minmay_bloctagon_deflated, erik_lair_orcish_takeover, special_room,
          uniq_snorg, uniq_psyche
Temple:   regret_index_temple_mists
Ossuary:  ossuary_tomb_1

Skill      XL: |  1  2  3  4  5  6  7  8  9 10 11 12 |
---------------+-------------------------------------+-----
Staves         | 3 |  3.5
Stealth        | 1 3 4 5 6 8 10 13 | 13.3
Fighting       | 2 3 5 6 7 |  7.4
Short Blades   | 1 2 3 4 5 |  5.5
Dodging        | 3 4 5 6 |  6.0
Armour         | 1 2 3 5 7 8 |  8.4
Evocations     | 2 3 |  3.0
Throwing       | |  1.9

Action                   |  1- 3 |  4- 6 |  7- 9 | 10-12 || total
-------------------------+-------+-------+-------+-------++-------
Melee: Quarterstaff      |    53 |       |       |       ||    53
       Bite              |    18 |    30 |   144 |   159 ||   351
       Dagger            |     6 |   119 |   350 |   440 ||   915
Invok: Potion Petition   |       |       |       |     1 ||     1
       Call Merchant     |       |       |       |     1 ||     1
Evoke: Wand              |       |       |       |     5 ||     5
  Use: Potion            |     2 |       |     1 |     2 ||     5
       Scroll            |       |     2 |    15 |     5 ||    22
 Stab: Sleeping          |       |     3 |     2 |    10 ||    15
       Distracted        |       |     2 |       |     3 ||     5
       Invisible         |       |       |       |     5 ||     5
  Eat: Chunk             |       |     7 |     9 |     4 ||    20
       Ration            |       |       |       |     2 ||     2
Armor: Leather armour    |    18 |     9 |       |       ||    27
       Chain mail        |       |    23 |   167 |       ||   190
       Scale mail        |       |       |     1 |   219 ||   220
Dodge: Dodged            |    34 |    66 |   151 |   291 ||   542

Table legend:
 A = Non-vault XP
 B = Vault XP
 C = Vault XP percentage of total XP
 D = Non-vault monster count
 E = Vault monster count
 F = Vault count percentage of total count
                 A         B        C        D         E       F
            +---------+---------+-------+---------+---------+-------
      Total |   13945 |    6577 |  32.0 |     233 |      92 |  28.3
            +---------+---------+-------+---------+---------+-------
        D:1 |      44 |       2 |   4.3 |      23 |       1 |   4.2
        D:2 |     138 |       0 |   0.0 |      21 |       0 |   0.0
        D:3 |      39 |       0 |   0.0 |       7 |       0 |   0.0
        D:4 |     435 |      37 |   7.8 |      18 |       6 |  25.0
        D:5 |     659 |       0 |   0.0 |      16 |       0 |   0.0
        D:6 |    1108 |       0 |   0.0 |      26 |       0 |   0.0
        D:7 |    1458 |     622 |  29.9 |      38 |       2 |   5.0
        D:8 |     671 |    1095 |  62.0 |       8 |      17 |  68.0
        D:9 |     645 |     298 |  31.6 |      14 |       1 |   6.7
       D:10 |    4381 |       0 |   0.0 |      29 |       0 |   0.0
       D:11 |    4364 |    4123 |  48.6 |      32 |      27 |  45.8
     Temple |       3 |       0 |   0.0 |       1 |       0 |   0.0
    Ossuary |       0 |     400 | 100.0 |       0 |      38 | 100.0
            +---------+---------+-------+---------+---------+-------
